 Dungeon Crawl Stone Soup version 0.21-a0-613-g5d64845 (webtiles) character file.

21 slep the Chopper (level 2, -1/15 HPs)
             Began as a Vine Stalker Gladiator on Dec 22, 2017.
             Slain by a hobgoblin
             ... wielding a +0 club
              (2 damage)
             ... on level 1 of the Dungeon.
             The game lasted 00:01:19 (199 turns).

slep the Chopper (Vine Stalker Gladiator)            Turns: 199, Time: 00:01:19

Health: -1/15      AC:  4    Str: 19    XL:     2   Next: 87%
Magic:  0/3        EV: 13    Int:  8    God:
Gold:   21         SH:  0    Dex: 15    Spells: 1/1 levels left

rFire    . . .     SeeInvis .   a - +0 war axe
rCold    . . .     Gourm    .   (no shield)
rNeg     . . .     Faith    .   b - +0 leather armour
rPois    .         Spirit   +   c - +0 helmet
rElec    .         Reflect  .   (no cloak)
rCorr    .         Harm     .   (no gloves)
MR       .....                  (no boots)
Stlth    +.........             (no amulet)
HPRegen  0.05/turn              g - +3 ring of strength
MPRegen  0.08/turn              (no ring)

@: no status effects
A: fangs 2, magic shield, antimagic bite, no potion heal 3, rot immunity
a: no special abilities


You were on level 1 of the Dungeon.
You were not hungry.

You visited 1 branch of the dungeon, and saw 1 of its levels.

You collected 21 gold pieces.

Inventory:

Hand Weapons
 a - a +0 war axe (weapon)
Missiles
 d - 3 throwing nets (quivered)
Armour
 b - a +0 leather armour (worn)
 c - a +0 helmet (worn)
Jewellery
 g - a +3 ring of strength (left hand)
Potions
 e - a potion of invisibility {unknown}
Comestibles
 f - a ration


   Skills:
 + Level 1.9 Fighting
 + Level 3.0 Axes
 + Level 1.8 Throwing
 + Level 0.3 Armour
 + Level 2.7 Dodging


You had one spell level left.
You didn't know any spells.

Dungeon Overview and Level Annotations

Branches:
Dungeon (1/15)

Altars:


Innate Abilities, Weirdness & Mutations

You have extremely sharp teeth.
When hurt, damage is shared between your health and your magic reserves.
Your bite disrupts and absorbs the magic of your enemies.
Potions cannot restore your health.
You are immune to rotting.


Message History

You kill the dart slug!
The bat closely misses you.
You slash the bat!
You kill the bat!
You closely miss the hobgoblin. The hobgoblin hits you with a club.
* * * LOW HITPOINT WARNING * * *
You closely miss the hobgoblin. Your bite misses the hobgoblin.
The hobgoblin misses you.
You barely miss the hobgoblin. You hit the hobgoblin but do no damage.
The hobgoblin barely misses you. The hobgoblin closely misses you.
The hobgoblin barely misses you.
Your leather armour prevents you from hitting the hobgoblin.
Your bite misses the hobgoblin. You closely miss the hobgoblin.
The hobgoblin barely misses you.
The hobgoblin hits you but does no damage.
You hit the hobgoblin but do no damage. You slash the hobgoblin!
You kill the hobgoblin!
You barely miss the rat. The rat bites you but does no damage.
The hobgoblin hits you with a club.
You die...

......#....# ##
#...####
#..........#########
#8...8#
#.###.####.........#
##...##
#.#.........†..#
#...#####
..#...#...####.# #
#...##...
..#....####### ###.#
8...8####
†....#.#8###8###8#.#
.....#...........r.#
.(.>.#..........@†.#.#
#....#..........†g....#
#....#.#8###⌠###8#.#..#
#....##### ### ###....#
#.#### #... #.# ....
... ..


You could see a hobgoblin and a rat.

Vanquished Creatures
  2 dart slugs (D:1)
  A leopard gecko (D:1)
  A hobgoblin (D:1)
  4 jackals (D:1)
  5 bats (D:1)
  2 frilled lizards (D:1)
  2 rats (D:1)
  2 toadstools (D:1)
19 creatures vanquished.

Notes
Turn   | Place    | Note
-------+----------+-------------------------------------------
     0 | D:1      | slep the Vine Stalker Gladiator began the quest for the Orb.
     0 | D:1      | Reached XP level 1. HP: 11/11 MP: 2/2
    89 | D:1      | Reached XP level 2. HP: 9/15 MP: 1/3
   159 | D:1      | Reached skill level 3 in Axes
   199 | D:1      | Slain by a hobgoblin

Vault maps used:
D:1:      ldierk_water_garden, serial_corexii_hall, corexii_hall_statues_i,
          corexii_hall_statues_x

Skill      XL: |  1  2 |
---------------+-------+-----
Axes           | 3 |  3.0
Fighting       | |  1.9
Throwing       | |  1.8
Armour         | |  0.3
Dodging        | |  2.7

Action                   || total
-------------------------++-------
Melee: War axe           ||    42
       Bite              ||     8
Armor: Leather armour    ||    20
Dodge: Dodged            ||    56

Table legend:
 A = Spawn XP
 B = Non-spawn XP
 C = Spawn XP percentage of total XP
 D = Spawn monster count
 E = Non-spawn monster count
 F = Spawn count percentage of total count
 G = Total turns spent on level
                    A         B        C        D         E        F      G
               +---------+---------+-------+---------+---------+-------+---------
         Total |       0 |      31 |   0.0 |       0 |      17 |   0.0 |   199
               +---------+---------+-------+---------+---------+-------+---------
           D:1 |       0 |      31 |   0.0 |       0 |      17 |   0.0 |   199
               +---------+---------+-------+---------+---------+-------+---------
